 Dungeon Crawl Stone Soup version 0.20.2-3-g29329e0561 (webtiles) character file.

252 Alfie the Skirmisher (level 6, -4/53 HPs)
             Began as a Hill Orc Fighter on Nov 21, 2022.
             Slain by a gnoll
             ... wielding a +0 halberd
              (9 damage)
             ... on level 4 of the Dungeon.
             The game lasted 00:06:18 (2487 turns).

Alfie the Skirmisher (Hill Orc Fighter)             Turns: 2487, Time: 00:06:19

Health: -4/53      AC:  9    Str: 21    XL:     6   Next: 13%
Magic:  6/6        EV:  8    Int:  8    God:
Gold:   173        SH:  9    Dex: 10    Spells: 5/5 levels left

rFire    + . .     SeeInvis .   a - +0 rapier
rCold    + . .     Gourm    .   c - +0 shield
rNeg     . . .     Faith    .   b - +1 scale mail
rPois    +         Spirit   .   (no helmet)
rElec    +         Reflect  .   (no cloak)
rCorr    +         Harm     .   (no gloves)
MR       .....                  i - +0 pair of boots
Stlth    ..........             (no amulet)
Regen    0.2/turn               (no ring)
MPRegen  0.1/turn               (no ring)

@: resistant
A: no striking features
a: no special abilities


You were on level 4 of the Dungeon.
You were not hungry.

You visited 1 branch of the dungeon, and saw 4 of its levels.

You collected 173 gold pieces.

Inventory:

Hand Weapons
 a - a +0 rapier (weapon)
Armour
 b - a +1 scale mail (worn)
 c - a +0 shield (worn)
 i - a +0 pair of boots (worn)
Scrolls
 d - a scroll of teleportation
 f - a scroll of magic mapping
 h - a scroll of amnesia {unknown}
 j - a scroll of fear
 n - a scroll of identify
Potions
 g - a potion of mutation {unknown}
 m - 2 potions of curing {unknown}
Comestibles
 k - a bread ration


   Skills:
 + Level 4.4 Fighting
 + Level 4.0 Short Blades
 + Level 4.3 Armour
 + Level 1.2 Dodging
 + Level 0.5 Stealth
 + Level 4.1 Shields


You had 5 spell levels left.
You didn't know any spells.

Dungeon Overview and Level Annotations

Branches:
Dungeon (4/15)
 Temple: D:4-7

Altars:
Yredelemnul


Message History

You hit the ogre but do no damage. The ogre hits you with a giant club!!
You puncture the ogre!
The ogre is moderately wounded.
The ogre hits you with a giant club!!
* * * LOW HITPOINT WARNING * * *
You hit the ogre but do no damage.
The ogre is moderately wounded.
You block the gnoll's attack. You block the ogre's attack.
You hit the ogre.
The ogre is moderately wounded.
The gnoll barely misses you. You block the ogre's attack.
The gnoll hits you from afar with a halberd.
* * * LOW HITPOINT WARNING * * *
It was a potion of resistance.
You feel protected. The ogre hits you with a giant club!
* * * LOW HITPOINT WARNING * * *
The gnoll hits you from afar with a halberd!
You die...

#...###.......
#.........###.#
#....######
#....# ####.#
#.#
####.#######.
###
#............
≈≈≈≈
#@##########.
..... #O#
♣≈≈..≈#g#
≈?.≈..'.#
≈($≈..'.#
.≈≈♣.≈###
.....≈ ≈≈≈≈≈≈
#####


You could see an ogre and a gnoll.

Vanquished Creatures
  An orc priest (D:3)
  Terence (D:3)
  A hound skeleton (D:4)
  3 gnolls (D:3)
  7 adders
  2 oozes
  An adder skeleton (D:4)
  2 worms
  3 dart slugs
  A leopard gecko (D:1)
  5 orcs (D:3)
  4 giant cockroaches
  7 goblins
  7 hobgoblins
  A ball python (D:2)
  9 bats
  3 frilled lizards
  6 kobolds
  8 rats
72 creatures vanquished.

Notes
Turn   | Place    | Note
-------+----------+-------------------------------------------
     0 | D:1      | Alfie the Hill Orc Fighter began the quest for the Orb.
     0 | D:1      | Reached XP level 1. HP: 19/19 MP: 1/1
   171 | D:1      | Reached XP level 2. HP: 20/27 MP: 2/2
   786 | D:1      | Reached XP level 3. HP: 33/33 MP: 3/3
  1077 | D:2      | Reached XP level 4. HP: 28/40 MP: 4/4
  1306 | D:2      | Found a basalt altar of Yredelemnul.
  1439 | D:2      | Reached skill level 1 in Dodging
  1934 | D:3      | Reached XP level 5. HP: 35/46 MP: 5/5
  2126 | D:3      | Noticed Terence
  2141 | D:3      | Killed Terence
  2165 | D:3      | Reached XP level 6. HP: 28/53 MP: 6/6
  2487 | D:4      | Slain by a gnoll

Skill      XL: |  1  2  3  4  5 |
---------------+----------------+-----
Fighting       | 4 |  4.4
Short Blades   | 3 4 |  4.0
Dodging        | 1 |  1.2
Armour         | 4 |  4.3
Shields        | 4 |  4.1
Stealth        | |  0.5

Action                   |  1- 3 |  4- 6 || total
-------------------------+-------+-------++-------
Melee: Rapier            |    95 |   182 ||   277
  Use: Scroll            |     2 |     3 ||     5
       Potion            |       |     2 ||     2
  Eat: Bread ration      |     1 |     1 ||     2
Armor: Scale mail        |    37 |    87 ||   124
Dodge: Dodged            |    26 |    53 ||    79
Block: Shield            |    43 |   102 ||   145
